Cogmind - Beta 16 @@@ ROGUE MODE // 2025.12.03 @ 07:54:23 Player: Zonalar Result: Destroyed by DAS Turret with DAS Cannon Performance ------------- Evolutions (1) 500 Regions Visited (5) 1000 Robots Destroyed (74) 370 Value Destroyed (1220) 1220 Prototype IDs (22) 440 Alien Tech Used (0) 0 Bonus (206) 206 TOTAL SCORE: 3736 Bonus ------- High Alert Combat Kills 41 Follower Combat Kills 165 Cogmind --------- Core Integrity 0/400 Matter 267/300 Energy 75/100 System Corruption 4% Temperature Cool (0) Movement Rolling (105) Ox1 Location -9/Exiles Parts ------- > --- POWER (1) -------- (None) > --- PROPULSION (2) --- Compact Wheel > --- UTILITY (4) ------ Large Storage Unit Hardened Light Armor Plating > --- WEAPON (2) ------- Datajack > --- INVENTORY (15) --- Improved Ion Engine Improved Ion Engine Light Fission Core Compact Wheel Compact Wheel Compact Matter Pod (150) Advanced ECM Suite Light Armor Plating Beamcaster Light EM Pulse Cannon Heavy Assault Rifle Heavy Assault Rifle Plasma Cutter Makeshift Hammer Peak State ------------ > --- POWER ------------ Cooled Ion Engine > --- PROPULSION ------- Compact Wheel Compact Wheel > --- UTILITY ---------- Cooling System Large Storage Unit Advanced ECM Suite Layered Light Armor Plating > --- WEAPON ----------- Beamcaster Heavy Assault Rifle > --- INVENTORY -------- Improved Ion Engine Improved Ion Engine Compact Wheel Compact Wheel Compact Wheel Compact Matter Pod Light Armor Plating Hardened Light Armor Plating Light EM Pulse Cannon Heavy Assault Rifle Grenade Launcher Datajack Plasma Cutter Makeshift Hammer [Rating: 25] Favorites ----------- Power Ion Engine Engine Ion Engine Power Core Light Nuclear Core Propulsion Compact Wheel Treads Light Treads Wheel Compact Wheel Utility Seismic Detector Device Seismic Detector Storage Large Storage Unit Processor Improved Targeting Computer Hackware Hacking Suite Protection Light Armor Plating Weapon Assault Rifle Energy Gun Medium Laser Energy Cannon Light EM Pulse Cannon Ballistic Gun Assault Rifle Launcher Grenade Launcher Special Weapon Plasma Cutter Impact Weapon Makeshift Hammer Special Melee Weapon Datajack Build | -11 -10 -10 -9 -9 -9 ------- Run | Yrd Mat Min Mat Min Exi Slots Evolved 2 | . . . 2 . . Power . | . . . . . . Propulsion . | . . . . . . Utility 2 | . . . 2 . . Weapon . | . . . . . . Parts Attached 75 | 10 18 13 22 10 2 Power 8 | 1 1 2 4 . . Engine 7 | 1 1 2 3 . . Core 1 | . . . 1 . . Reactor . | . . . . . . Propulsion 21 | 4 4 6 4 2 1 Treads 2 | 2 . . . . . Leg . | . . . . . . Wheel 19 | 2 4 6 4 2 1 Hover . | . . . . . . Flight . | . . . . . . Utility 21 | 2 6 1 7 4 1 Device 6 | 1 . 1 1 3 . Storage 6 | 1 4 . 1 . . Processor 2 | . . . 2 . . Hackware 1 | . 1 . . . . Protection 6 | . 1 . 3 1 1 Artifact . | . . . . . . Weapon 25 | 3 7 4 7 4 . Energy Gun 5 | 1 2 1 . 1 . Energy Cannon 3 | . . . 3 . . Ballistic Gun 10 | 2 2 1 4 1 . Ballistic Cannon . | . . . . . . Launcher 3 | . 1 1 . 1 . Special Weapon 2 | . 1 . . 1 . Impact Weapon 1 | . . 1 . . . Slashing Weapon . | . . . . . . Piercing Weapon . | . . . . . . Special Melee Weapon 1 | . 1 . . . . Unidentified Prototypes . | . . . . . . Parts Lost 18 | . 5 3 3 1 6 Power 3 | . 1 . 1 . 1 Propulsion 5 | . 2 1 1 . 1 Utility 5 | . . . 1 1 3 Weapon 5 | . 2 2 . . 1 Highest Loss Streak 6 | . 3 2 2 1 6 To Critical Strikes . | . . . . . . Average Backups 12 | 6 11 12 13 14 14 Power 1 | 1 1 . 1 2 2 Propulsion 1 | 3 1 1 1 3 2 Utility 4 | . 5 7 4 3 3 Weapon 3 | . 2 2 4 4 4 Tool/Special . | . . . . . . Unused Backups 24 | 2 3 6 5 . 8 Power 6 | . . 1 1 . 4 Propulsion 7 | 2 1 2 . . 2 Utility 9 | . 2 3 2 . 2 Weapon 2 | . . . 2 . . Tool/Special . | . . . . . . Average Slot Usage (%) 98 | . 98 98 99 99 98 Engine 11 | . 13 14 7 11 10 Wheel 24 | . 26 26 21 22 21 Device 11 | . 7 9 12 16 21 Storage 12 | . 14 14 11 11 11 Processor 3 | . . . 8 4 . Hackware 1 | . 6 . . . . Protection 6 | . . 4 11 11 10 Energy Gun 4 | . 3 13 1 4 2 Energy Cannon 2 | . . . 8 . . Ballistic Gun 11 | . 20 5 7 14 10 Launcher 1 | . . 4 . . . Impact Weapon 1 | . . 3 3 . . Special Melee Weapon 1 | . 2 1 . . 8 Peak Build Rating 25 | 8 10 14 19 25 23 Average Rating 13 | 5 8 10 15 20 19 On Entrance 11 | . 8 9 12 17 22 Avg Prop Armor Cover (%) 3 | 3 . . . . . Naked Turns . | . . . . . . Heaviest Build 149 | 15 149 92 39 45 43 Greatest Support 40 | 40 40 32 34 32 32 Greatest Overweight (x) 5 | . 5 5 3 1 1 Average Overweight (x) . | . 1 . . 1 . Largest Inventory Capacity 30 | 8 30 25 15 15 15 Average Capacity 16 | 7 20 20 15 15 15 Most Carried 17 | 8 16 17 15 15 15 Average Carried 13 | 6 11 14 14 14 14 Final Capacity 25 | 8 25 15 15 15 15 Final Carried 15 | 8 13 15 15 15 14 Class Distribution -------------------- 53% | Mutant 46% | Scavenger-Mutant Dominant Class ---------------- Mutant | -10/Materials Scavenger-Mutant | -10/Mines Scavenger-Mutant | -9/Materials Scavenger-Mutant | -9/Mines Scavenger-Mutant | -9/Exiles Resources | -11 -10 -10 -9 -9 -9 ----------- Run | Yrd Mat Min Mat Min Exi Matter Collected 2135 | 346 492 295 675 309 18 Remotely . | . . . . . . Salvage Created 2148 | 140 596 150 896 366 . Parts 151 | 12 46 4 63 26 . Haulers Intercepted 5 | . 1 . 4 . . Recyclers Shooed 3 | . 1 2 . . . Parts Field Recycled . | . . . . . . Retrieved Matter . | . . . . . . Parts Self-Destructed . | . . . . . . Prevented . | . . . . . . Parts Restored . | . . . . . . Kills | -11 -10 -10 -9 -9 -9 ------- Run | Yrd Mat Min Mat Min Exi Combat Hostiles Destroyed 52 | . 11 8 20 13 . Melee 2 | . . 1 1 . . Guns 25 | . 8 2 4 11 . Cannons 5 | . . . 5 . . AOE 18 | . 3 5 8 2 . Classes Destroyed 12 | 3 6 1 2 . . Worker 5 | 2 2 . 1 . . Builder 4 | . 1 . 2 1 . Tunneler 3 | 2 . . . 1 . Hauler 5 | . 1 . 4 . . Recycler 7 | 1 3 1 . 2 . Operator 2 | . 2 . . . . Watcher 3 | . 2 . 1 . . Swarmer 26 | . 9 . 7 10 . Grunt 13 | . 2 1 7 3 . Brawler 1 | . . . 1 . . Sentry 5 | . . . 5 . . Assembled 7 | . . 7 . . . Best Kill Streak 13 | 3 8 4 13 5 . Combat Bots Only 10 | . 5 4 10 4 . Max Kills in Single Turn 4 | 1 3 2 4 2 . Gunslinging . | . . . . . . Exploded 4 | . 1 2 4 2 . Melee 1 | . . 1 1 . . Uniques/NPCs Destroyed . | . . . . . . Combat | -11 -10 -10 -9 -9 -9 -------- Run | Yrd Mat Min Mat Min Exi Hostile Shots Fired 269 | . 82 31 88 52 16 Missed 83 | . 27 9 27 19 1 Hits 186 | . 55 22 61 33 15 Melee 2 | . . . . . 2 Projectile 184 | . 55 22 61 33 13 Critical Strikes 3 | . . . 2 . 1 Damage Taken 2844 | . 651 328 819 387 659 Core 609 | . 96 96 142 62 213 Absorbed by Shields . | . . . . . . Redirected to Shielding 49 | . 15 . 34 . . Regen/Repaired (Parts) 37 | . 19 . 18 . . Core Remaining (%) 61 | 100 . 23 . . . Volleys Fired 168 | 8 46 31 48 33 2 Largest 2 | 2 2 2 2 2 1 Hottest 112 | 40 100 85 112 98 30 Shots Fired 301 | 14 86 42 91 66 2 Gun 248 | 14 78 37 56 63 . Cannon 29 | . . . 29 . . Launcher 22 | . 6 5 6 3 2 Special 2 | . 2 . . . . Kinetic 190 | 12 69 8 50 51 . Thermal 55 | . 8 29 6 12 . Explosive 22 | . 6 5 6 3 2 Electromagnetic 34 | 2 3 . 29 . . Robot Hit Streak 13 | 8 13 11 10 8 4 Robot Miss Streak 5 | 1 3 5 3 3 1 Penetration Max . | . . . . . . Secondary Targets 2 | . 1 . . 1 . Max Gunslinging Chain 1 | . 1 . . 1 . Shots Hit Robots 199 | 9 49 33 64 37 7 Core Hits 113 | 6 31 13 41 20 2 Critical Kills 2 | . . . 2 . . Critical Parts Destroyed 1 | . . . 1 . . Critical Strikes 10 | . 2 3 4 1 . Burn 6 | . 2 3 . 1 . Corrupt 1 | . . . 1 . . Smash 3 | . . . 3 . . Melee Attacks 48 | . 3 9 29 1 6 Impact 36 | . . 7 28 1 . Slashing . | . . . . . . Piercing . | . . . . . . Sneak Attacks 14 | . 2 2 4 1 5 Combat Hostiles . | . . . . . . Follow-up Attacks . | . . . . . . Damage Inflicted 4641 | 109 803 668 2046 957 58 Guns 2062 | 109 550 327 502 574 . Cannons 465 | . . . 465 . . Explosions 1459 | . 253 234 619 295 58 Melee 650 | . . 107 455 88 . Ramming 5 | . . . 5 . . Kinetic 1594 | 84 497 70 453 490 . Thermal 428 | . 38 257 49 84 . Explosive 1396 | . 253 234 556 295 58 Electromagnetic 568 | 25 15 . 528 . . Impact 650 | . . 107 455 88 . Slashing . | . . . . . . Piercing . | . . . . . . Highest Corruption 4 | . . . 4 4 4 Average Corruption 3 | . . . 3 4 4 Corruption Purged . | . . . . . . Corruption Blocked . | . . . . . . Effects 16 | . . . 1 10 5 Message Errors 6 | . . . . 5 1 Matter Fused 2 | . . . . 1 1 Heat Flow Errors 4 | . . . . 2 2 Energy Discharges 1 | . . . . . 1 Data Loss (minor) 3 | . . . 1 2 . Overload Shots . | . . . . . . Overflow Damage 376 | . 10 80 228 58 . Projectiles 6 | . . . 6 . . Explosions 47 | . 10 18 19 . . Melee 323 | . . 62 203 58 . Knockbacks 1 | . . 1 . . . Impact 1 | . . 1 . . . Kinetic . | . . . . . . Secondary . | . . . . . . Self-Inflicted Damage 146 | . 48 60 2 36 . Shots 7 | . 2 3 . 2 . Rammed 1 | . . . 1 . . Targets Rammed 1 | . . . 1 . . Kicked . | . . . . . . Crushed . | . . . . . . Highest Temperature 258 | . 40 130 258 237 181 Average Temperature 60 | . 12 51 70 76 86 Received Heat Transfer 562 | . 105 115 285 57 . Siege Activations . | . . . . . . Martial Activations . | . . . . . . Shielding Activations . | . . . . . . Robots Disrupted . | . . . . . . Combat Hostiles . | . . . . . . Robots Corrupted 6 | . . . 5 1 . Combat Hostiles 2 | . . . 2 . . Parts Fried 10 | . . . 9 1 . Impact Corruptions 7 | . . 1 4 2 . Robots Melted . | . . . . . . Combat Hostiles . | . . . . . . Parts Melted 1 | . . 1 . . . Heat Transferred 1554 | . 259 962 111 222 . Parts Sabotaged . | . . . . . . Parts Stolen . | . . . . . . Parts Stripped . | . . . . . . Power Chain Reactions 1 | . . . 1 . . Alert | -11 -10 -10 -9 -9 -9 ------- Run | Yrd Mat Min Mat Min Exi Maximum Alert Level 2 | . . . 2 1 . Low Security (%) 67 | 100 100 100 25 28 . Level 1 23 | . . . 44 71 . Level 2 9 | . . . 29 . . Level 3 . | . . . . . . Level 4 . | . . . . . . Level 5 . | . . . . . . High Security . | . . . . . . Max Security . | . . . . . . Peak Influence 475 | 10 149 35 475 309 . Initial 168 | . . 9 . 168 . Average 134 | . 40 2 295 237 . Influence Increases 1735 | 25 382 51 921 356 . Destroy 0b10 Robot/C 1000 | . 220 20 500 260 . Destroy 0b10 Robot/NC 145 | 25 55 5 40 20 . Destroy Leader 246 | . 46 . 170 30 . Allied During Kill 10 | . . . 10 . . Trap Triggered on 0b10 20 | . . . 20 . . Successful Hack 52 | . 18 . 34 . . Disable Machine 60 | . . . 45 15 . Destroy Structure 112 | . 43 11 42 16 . Lose Combat Pursuer 90 | . . 15 60 15 . Influence Decreases 1735 | 25 358 75 490 511 276 Entered New Map 554 | . . 15 . 263 276 Time Decay 1121 | 25 338 60 460 238 . Lost Part 60 | . 20 . 30 10 . Squads Dispatched 1 | . . . 1 . . Investigation . | . . . . . . Extermination . | . . . . . . Reinforcement 1 | . . . 1 . . Assault . | . . . . . . Garrison . | . . . . . . Intercept . | . . . . . . Searches Triggered . | . . . . . . Construction Impeded . | . . . . . . Haulers Reinforced . | . . . . . . Active Scanning Responses . | . . . . . . Cargo Convoy Interrupts . | . . . . . . Stealth | -11 -10 -10 -9 -9 -9 --------- Run | Yrd Mat Min Mat Min Exi Distress Signals 3 | . 1 . 2 . . Communications Jammed . | . . . . . . Distress Signals . | . . . . . . Times Spotted 95 | . 28 9 37 14 7 Peak Tracking Total 11 | . 7 5 7 4 11 Tactical Retreats 6 | . . 2 3 1 . Traps | -11 -10 -10 -9 -9 -9 ------- Run | Yrd Mat Min Mat Min Exi Traps Triggered 2 | . . . 2 . . Indirectly . | . . . . . . Trap Hack Attempts . | . . . . . . Triggered . | . . . . . . Disarmed 1 | . . . 1 . . Reprogrammed . | . . . . . . Reused 2 | . . . 2 . . Traps Extracted . | . . . . . . Installed 2 | . . . 2 . . Triggered 2 | . . . 2 . . Most Traps Carried 3 | . . 3 2 . . Machines | -11 -10 -10 -9 -9 -9 ---------- Run | Yrd Mat Min Mat Min Exi Machines Disabled 6 | . . . 3 1 2 Max in Single Turn 2 | . . . 2 1 1 Machines Repaired . | . . . . . . Machines Dismantled 2 | . . . . 1 1 Machines Sabotaged . | . . . . . . Overloaded Fab Kills . | . . . . . . Hacking | -11 -10 -10 -9 -9 -9 --------- Run | Yrd Mat Min Mat Min Exi Machines Accessed 28 | . 11 . 15 1 1 Terminals 20 | . 8 . 12 . . Fabricators . | . . . . . . Repair Stations 2 | . 1 . 1 . . Recycling Units 3 | . 2 . 1 . . Scanalyzers 1 | . . . 1 . . Garrison Access . | . . . . . . Total Hacks 104 | . 32 . 48 1 23 Successful 75 | . 19 . 32 1 23 Failed 29 | . 13 . 16 . . Catastrophic 2 | . 2 . . . . Database Lockouts . | . . . . . . Manual 42 | . 17 . 22 . 3 Terminals 63 | . 24 . 39 . . Fabricators . | . . . . . . Repair Stations 6 | . 2 . 4 . . Recycling Units 8 | . 6 . 2 . . Scanalyzers 3 | . . . 3 . . Garrison Access . | . . . . . . Terminal Hacks 45 | . 7 . 14 1 23 Record 23 | . . . . . 23 Part Schematic 1 | . 1 . . . . Robot Analysis 2 | . . . 2 . . Prototype ID Bank 10 | . 3 . 7 . . Open Door 1 | . . . . 1 . Branch Access Points 2 | . . . 2 . . Terminal Index 1 | . 1 . . . . Alert Level 1 | . . . 1 . . Locate Traps 1 | . 1 . . . . Disarm Traps 1 | . . . 1 . . Registered Prototypes 1 | . 1 . . . . Zone Layout 1 | . . . 1 . . Fabricator Hacks . | . . . . . . Repair Station Hacks 4 | . 2 . 2 . . Scan Component 2 | . 1 . 1 . . Repair 2 | . 1 . 1 . . Recycling Unit Hacks 4 | . 4 . . . . Process 1 | . 1 . . . . Report Inventory 1 | . 1 . . . . Retrieve Matter 2 | . 2 . . . . Scanalyzer 3 | . . . 3 . . Retrieve Study 3 | . . . 3 . . Garrison Access Hacks . | . . . . . . Unauthorized Hacks 19 | . 6 . 13 . . Terminals 19 | . 6 . 13 . . Botnet 17 | . 6 . 11 . . Operators 1 | . . . 1 . . Skim 1 | . . . 1 . . Fabricators . | . . . . . . Repair Stations . | . . . . . . Recycling Units . | . . . . . . Scanalyzers . | . . . . . . Garrison Access . | . . . . . . Data Cores Recovered 2 | . 2 . . . . Used . | . . . . . . Hacking Detections 24 | . 9 . 15 . . Full Trace Events 1 | . . . 1 . . Feedback Events . | . . . . . . Feedback Blocked . | . . . . . . Robot Schematics Acquired . | . . . . . . Robots Built . | . . . . . . Authchips . | . . . . . . Time . | . . . . . . Total Robot Build Rating . | . . . . . . Part Schematics Acquired 1 | . 1 . . . . Parts Built . | . . . . . . Authchips . | . . . . . . Time . | . . . . . . Total Part Build Rating . | . . . . . . Part Studies Acquired 3 | . . . 3 . . Parts Repaired 2 | . 1 . 1 . . Time 39 | . 26 . 13 . . Parts Recycled . | . . . . . . Recycled Matter 100 | . 100 . . . . Retrieved Matter 128 | . 128 . . . . Retrieved Components . | . . . . . . Parts Scanalyzed . | . . . . . . Part Schematics Acquired . | . . . . . . Parts Damaged . | . . . . . . Bothacking | -11 -10 -10 -9 -9 -9 ------------ Run | Yrd Mat Min Mat Min Exi Used RIF Installer . | . . . . . . Robots Hacked 8 | . 2 2 . . 4 Non-combat 6 | . 2 2 . . 2 Combat 2 | . . . . . 2 Robot Hacks Applied 9 | . 2 2 . . 5 parse_system 9 | . 2 2 . . 5 Relay Couplers Released . | . . . . . . Fabnet Peak Effective % . | . . . . . . Robots Rewired . | . . . . . . Allies Hacked . | . . . . . . Hacks Repelled . | . . . . . . Allies | -11 -10 -10 -9 -9 -9 -------- Run | Yrd Mat Min Mat Min Exi Total Allies 1 | . . 1 . . . Largest Group 1 | . . 1 1 . . Highest-Rated Group 31 | . . 31 31 . . Highest-Rated Ally 31 | . . 31 31 . . Total Orders . | . . . . . . Ally Attacks 15 | . . . 15 . . Total Damage 257 | . . . 257 . . Kills 5 | . . . 5 . . Allies Corrupted . | . . . . . . Allies Melted . | . . . . . . Intel | -11 -10 -10 -9 -9 -9 ------- Run | Yrd Mat Min Mat Min Exi Active Infowar (turns) 3115 | 85 576 537 1284 314 319 Seismic 3115 | 85 576 537 1284 314 319 T.N.C. 524 | . . . 524 . . ECM 19 | . . . . 19 . Robot Analysis Total 2 | . . . 2 . . Derelict Logs Recovered 1 | . . 1 . . . Drone Launches . | . . . . . . Drone Recoveries . | . . . . . . Exploration | -11 -10 -10 -9 -9 -9 ------------- Run | Yrd Mat Min Mat Min Exi Turns Passed 4454 | 361 1141 817 1297 517 321 Spaces Moved 2860 | 114 740 541 876 320 269 Core 7 | 7 . . . . . Treads 114 | 97 17 . . . . Legs . | . . . . . . Wheels 2739 | 10 723 541 876 320 269 Hover . | . . . . . . Flight . | . . . . . . Fastest Speed 50 | 50 80 100 85 105 90 Average Speed 110 | 147 116 112 103 105 104 Slowest Speed 175 | 160 175 175 125 105 105 Overloaded Moves . | . . . . . . Propulsion Burnouts . | . . . . . . Robots Hopped . | . . . . . . Potential Cave-ins . | . . . . . . Cave-ins Triggered . | . . . . . . Exploration Rate (%) 64 | 6 95 96 79 58 53 Regions Visited 5 Branch Regions 3 Pre-discovered Areas 1 | . . . . . 1 Known Exits Taken 1 | . . . 1 . . Unknown Exits Taken 4 | 1 1 1 . 1 . Scrap Searched 2 | . . 1 . 1 . Spaces Dug 18 | . 2 . 16 . . Terrain Destroyed 138 | . 46 19 42 28 3 Melee 16 | . . . 16 . . Projectile 2 | . 2 . . . . AOE 120 | . 44 19 26 28 3 Terrain Rammed . | . . . . . . Walls Destroyed . | . . . . . . Machines Disabled . | . . . . . . Actions | -11 -10 -10 -9 -9 -9 --------- Run | Yrd Mat Min Mat Min Exi Total 3767 | 290 925 699 1152 408 293 Wait 384 | 139 55 67 100 23 . Move 2855 | 113 739 540 875 319 269 Hop . | . . . . . . Pick Up 93 | 16 34 16 23 2 2 Fast Attach 12 | 1 1 1 7 2 . Attach 29 | 6 11 4 5 2 1 Detach . | . . . . . . Swap 88 | 5 19 17 34 9 4 Drop 68 | 2 17 14 28 5 2 Fire 168 | 8 46 31 48 33 2 Melee 48 | . 3 9 29 1 6 Ram 1 | . . . 1 . . Kick . | . . . . . . Crush . | . . . . . . Escape Stasis . | . . . . . . Rewire 3 | . . . . . 3 Trap 2 | . . . 2 . . Miscellaneous 16 | . . . . 12 4 Route ------- -11/Scrapyard -10/Materials (discovered 6 exits: *Mat x3 / [*Min x2] / [*Sub]) -10/Mines (discovered 2 exits: *Mat x2) -9/Materials (discovered 5 exits: [*Mat x3] / *Min x2) -9/Mines (discovered 2 exits: [*Mat] / *Exi) -9/Exiles History --------- Turn | Location | Event 10 | -11/Scrapyard | Discovered new exit (range 15) 362 | -11/Scrapyard | Entered Materials 363 | -10/Materials | Build established: Mutant 580 | -10/Materials | Discovered new exit (range 15) 654 | -10/Materials | Discovered new exit (range 9) 701 | -10/Materials | Discovered new exit (range 16) 802 | -10/Materials | Discovered new exit (range 5) 1043 | -10/Materials | Discovered new exit (range 10) 1197 | -10/Materials | Discovered new exit (range 6) 1418 | -10/Materials | Repaired Seismic Detector 1462 | -10/Materials | Derelicts attacked the area 1503 | -10/Materials | Entered Mines 1504 | -10/Mines | Assembled infested the area 1504 | -10/Mines | Lost 3 parts (1p1n1w) 1583 | -10/Mines | Found a hidden stash of uninstalled traps 1599 | -10/Mines | Discovered new exit (range 16) 1679 | -10/Mines | A weapon hastily lodged in a ceiling crevice suddenly fell to the ground 1759 | -10/Mines | Core integrity fell below 50% 2123 | -10/Mines | Learned Materials terminal intel 2231 | -10/Mines | Build established: Scavenger-Mutant 2289 | -10/Mines | Received a Mining Laser from a helpful Derelict 2312 | -10/Mines | Discovered new exit (range 5) 2320 | -10/Mines | Entered Materials 2320 | -9/Materials | Accompanied by 1 ally 2320 | -9/Materials | Evolved 2 slots: Utility x2 2321 | -9/Materials | Loaded intel: 12 terminal locations 2612 | -9/Materials | Discovered new exit (range 3) 2710 | -9/Materials | Discovered new exit (range 15) 2713 | -9/Materials | Destroyed 10 combat bots 2725 | -9/Materials | Identified exit to Mines 3046 | -9/Materials | Discovered new exit (range 16) 3163 | -9/Materials | Repaired Seismic Detector 3203 | -9/Materials | Build established: Mutant 3325 | -9/Materials | Discovered new exit (range 8) 3617 | -9/Materials | Entered Mines 3778 | -9/Mines | Received a Rocket Launcher from a helpful Derelict 3832 | -9/Mines | Met a Derelict who couldn't figure out how to use a Trap Extractor 3891 | -9/Mines | Discovered new exit (range 10) 3961 | -9/Mines | Build established: Scavenger-Mutant 4047 | -9/Mines | Core integrity fell below 50% 4124 | -9/Mines | Deemed a non-threat by the Exiles lab entrance 4124 | -9/Mines | Discovered new exit (range 5) 4134 | -9/Mines | Entered Exiles 4165 | -9/Exiles | Met 8R-AWN 4182 | -9/Exiles | Met EX-HEX 4308 | -9/Exiles | Met EX-DEC 4377 | -9/Exiles | Learned location of Zion (-7) 4398 | -9/Exiles | Met EX-BIN 4432 | -9/Exiles | Attacked by the Exiles 4454 | -9/Exiles | Core integrity fell below 20% 4455 | -9/Exiles | Destroyed by DAS Turret with DAS Cannon Last Messages --------------- Now, I'll admit there could be side effects, but if you're willing to participate in the trials you can have one of our prototypes. How's that for a sweet deal? 04422_ Dismantling Components with Plasma Cutter. 04431_ Components dismantled. 04432_ EXILES: Hostile robot within lab perimeter. Defensive protocols time, folks! 04441_ Cld. Ion Engine destroyed. 04442_ EX-BIN: "I just want to science!" 04446_ Machine disabled. 04447_ Lyr. Light Armor Plating destroyed. 04447_ Com. Wheel+ destroyed. 04447_ Critical hit (Blast). 04447_ Knocked back. 04449_ Cooling System destroyed. 04449_ Acquired 10 matter. 04450_ Grenade Launcher+ destroyed. 04452_ Acquired 6 matter. 04453_ Seismic Detector destroyed. 04453_ Acquired 2 matter. Map ----- +----------------------------------------------------+ | ?????????????????????????????????????????????????? | | ?????????????????????????????????????????????????? | | ?????????????????????????????????????????????????? | | ?????????????????????????????????????????????????? | | ?????????????????????????????????????????????????? | | ?????????????????????????????????????????????????? | | ?????????????????????????????????????????????????? | | ?????????????????????????????????????????????????? | | ?????????????????????????????????????????????????? | | ????????????????????????????????????? ???????? | | ????????????????????????????????????" ?????? | | ????????????????????????????????????" ??? | | ????????????????????????????????????" ? | | ????????????????????????????????????" " | | ????????????????????########????????" " | | ????????????????????# """#????????" ? | | ????????????????????#"" """#????????# ?? | | ????????????????????#"" #????????# ??? | | ????????????????????#"" #????????#" "???? | | ????????????????????#"" #????????#" ????? | | ????????????????????# " #????????#" "?????? | | ????????????????????#"" ""#???????##" #??????? | | ???????? #?????????### %###??????##"" #??????? | | ??????? #####????### ###?######"" #??????? | | ?????? """#####X# %#"###""""""" ##?????? | | ?????? % @"""""" " "" ##???## | | ??????# a"" """ " #####" | | ???????# a " " " | | ???????### a | | ?????????### a | | ???????????## a a | | ????????????## | | ?????????????##" | | ??????????????#""" """""" | | ?????????????##" ######""" | | ?????????????#"" "" #????####""" | | ????????????##""" ""####????????#""" | | ????????????#""" ""##???????????#"""" | | ????????????#""" #???????????##"" | | ????????????#"" #######??####"""" | | ????????????#""" ## ####""" | | ????????????#"" """" | | ????????????##"" | | ?????????????#"""" | | ?????????????## | | ??????????????#" " "" | | ??????????????#"""" ""## ##""" " " | | ??????????????#"" ""#### ######""" | | ??????????????#" """"##??# #????###"" | | ??????????????#""" """#??## ####???### | +----------------------------------------------------+ Best States ------------- Heat Dissipation 50 Energy Generation 14 Energy Capacity 280 Matter Stores 300 Matter Capacity 300 Sight Range 16 Terrain Scan Density 10 ECM Strength 2 Additional Mass Support 6 Armor Coverage 150 Weapon Shielding 33 Evasion (%) 44 Targeting Accuracy 6 Recoil Reduction 2 Offensive Hacking 10 Item Schematics ----------------- Hcp. Storage Unit | -10/Materials | Hacked Robot Schematics ------------------ None Fabricated ------------ Nothing Repaired ---------- Seismic Detector | 5% | -10/Materials Seismic Detector | 10% | -9/Materials Studied --------- Com. Wheel | -9/Materials | Hacked Arm. Wheel | -9/Materials | Hacked Grenade Launcher | -9/Materials | Hacked Alien Tech Used ----------------- None Achievements -------------- Deductive Reasoning Challenges ------------ None Game ------ Seed LongswordTerrorSpecial Manual? 0 Play Time 01:58:02 Cumulative 49.2 hours Start 2025.12.03 @ 05:17:20 End 2025.12.03 @ 07:54:23 Sessions 1 Manual Loads 0 Difficulty Rogue Special Mode None Game No. 23 Rogue 23 Adventurer 0 Explorer 0 Win Type - Total 0 Types 0/0/0/0/0/0/0/0/0/0 Lore% 11 Gallery% 28 Achievement% 19 Wizard Run 0 Options --------- Layout 0 ASCII 0 Keyboard 0 Movement Mouse Keybinds 1 Fullscreen 2 Font 24/Smallcaps Map View 76x50 Zoom Use 0% Tactical HUD 1 Map Filters NONE Filters NONE Steam 1 RUN: 99ae463a-8e4b-4e37-a2e3-f07c2faac69c